 Dungeon Crawl Stone Soup version 0.30-a0-325-gb515db48ae (webtiles) character file.

Game seed: 6288342416027006321

630887 Prth the Ninja (level 27, -36/164 HPs)
             Began as a Spriggan Enchanter on Oct 28, 2022.
             Was the Champion of Dithmenos.
             Annihilated by a death cob (40 damage)
             ... on level 3 of the Realm of Zot.
             The game lasted 05:07:34 (73729 turns).

Prth the Ninja (Spriggan Enchanter)                Turns: 73729, Time: 05:07:37

Health: -36/164    AC: 15    Str: 18    XL:     27
Magic:  43/55      EV: 58    Int: 24    God:    Dithmenos [******]
Gold:   5693       SH:  0    Dex: 25    Spells: 36/80 levels left

rFire   + . .      SeeInvis +    A - +9 quick blade (drain)
rCold   . . .      Faith    .    T - orb {guile}
rNeg    + . .      Spirit   .    J - +5 steam dragon scales
rPois   .          Reflect  .    t - +2 hood of the Assassin {Detection Stab+ Stlth++}
rElec   .          Harm     .    r - +2 cloak
rCorr   .          Rampage  .    (gloves unavailable)
Will    +++..                    (boots unavailable) Stlth ######****
                                 f - amulet "Ceutahee" {Acrobat rN+ Str-4 Slay+4}
HPRegen 0.47/turn                c - ring of Luploy {EV+4 Str+2 Dex+7}
MPRegen 0.34/turn                I - ring of the Saviour {+Blink Will+ Str+6 Int+6 Stlth+}

@: acrobatic, slowed, wreathed by umbra, studying 3 skills, quick
A: very small, no large weapons, unfitting armour, see invisible, speed 3, horns
1, fire resistance 1
}: 3/15 runes: barnacled, silver, gossamer
a: Renounce Religion, Evoke Blink, Shadow Step, Shadow Form


You were on level 3 of the Realm of Zot.
You worshipped Dithmenos.
Dithmenos was exalted by your worship.
You visited 11 branches of the dungeon, and saw 49 of its levels.
You visited 2 bazaars.
You visited 1 ziggurat, and saw 15 of its levels.
You also visited: Bailey, Gauntlet, Ice Cave, Volcano and Wizlab.

You collected 9414 gold pieces.
You spent 3721 gold pieces at shops.

Inventory:

Hand Weapons
 l - a +2 rapier of protection
 A - a +9 quick blade of draining (weapon)
Armour
 r - a +2 cloak (worn)
 t - the +2 hood of the Assassin (worn) {Detection Stab+ Stlth++}
   (You bought it in a shop on level 3 of the Dungeon)

   It allows the wearer to sense nearby creatures.
   It allows the wearer to make particularly effective stabbing attacks against
   helpless or unaware enemies with any weapon.
   Stlth:     It makes you much more stealthy.
 J - +5 steam dragon scales (worn)
 R - the +1 hat "Xukh" {rF++ rN+}
   (You found it on level 4 of the Spider Nest)

   rF:        It greatly protects you from fire.
   rN:        It protects you from negative energy.
 T - an orb of guile (worn)
Jewellery
 c - the ring of Luploy (left hand) {EV+4 Str+2 Dex+7}
   (You found it on level 3 of the Shoals)

   [ring of evasion]

   EV:        It affects your evasion (+4).
   Str:       It affects your strength (+2).
   Dex:       It affects your dexterity (+7).
 e - the amulet "Ehesoil" {RegenMP *Slow +Inv Regen+}
   (You took it off a deep elf pyromancer on level 3 of the Elven Halls)

   [amulet of magic regeneration]

   It increases your rate of magic regeneration.
   +Inv:      It lets you turn invisible.
   Regen:     It increases your rate of health regeneration.
   *Slow:     It may slow you when you take damage.
 f - the amulet "Ceutahee" (around neck) {Acrobat rN+ Str-4 Slay+4}
   (You found it on level 14 of a ziggurat)

   [amulet of the acrobat]

   It increases your evasion while moving and waiting.
   Str:       It affects your strength (-4).
   Slay:      It affects your accuracy & damage with ranged weapons and melee
   (+4).
   rN:        It protects you from negative energy.
 i - a +4 ring of slaying
 j - the ring "Xoasyt" {rElec Str+6 Stlth+}
   (You took it off a vault warden on level 5 of the Vaults)

   [ring of strength]

   Str:       It affects your strength (+6).
   rElec:     It insulates you from electricity.
   Stlth:     It makes you more stealthy.
 m - the ring "Vemeon" {rC+ Str+2 Slay+5}
   (You found it on level 11 of a ziggurat)

   [ring of protection from cold]

   Str:       It affects your strength (+2).
   Slay:      It affects your accuracy & damage with ranged weapons and melee
   (+5).
   rC:        It protects you from cold.
 I - the ring of the Saviour (right hand) {+Blink Will+ Str+6 Int+6 Stlth+}
   (You found it in a Gauntlet)

   [ring of intelligence]

   Str:       It affects your strength (+6).
   Int:       It affects your intelligence (+6).
   +Blink:    It lets you blink.
   Will:      It increases your willpower.
   Stlth:     It makes you more stealthy.
 P - an amulet of regeneration
 Y - a ring of flight
 Z - the ring of Ujiboc {Wiz rN+ Will+ Str+5 Stlth+}
   (You bought it in a shop in a bazaar)

   [ring of wizardry]

   It improves your spell success rate.
   Str:       It affects your strength (+5).
   rN:        It protects you from negative energy.
   Will:      It increases your willpower.
   Stlth:     It makes you more stealthy.
Wands
 a - a wand of quicksilver (5)
 B - a wand of polymorph (15)
 E - a wand of charming (29)
 F - a wand of digging (7)
 S - a wand of iceblast (19)
Scrolls
 o - 6 scrolls of amnesia
 q - 7 scrolls of enchant weapon
 s - 6 scrolls of enchant armour
 v - 9 scrolls of teleportation
 x - 6 scrolls of magic mapping
 y - 6 scrolls of fear
 z - 2 scrolls of fog
 D - a scroll of brand weapon
 N - 11 scrolls of immolation
 O - 13 scrolls of vulnerability
Potions
 b - 3 potions of haste
 d - 8 potions of curing
 g - 3 potions of magic
 h - 8 potions of brilliance
 k - 15 potions of flight
 p - 8 potions of ambrosia
 u - 16 potions of mutation
 w - 11 potions of cancellation
 C - a potion of resistance
 W - 3 potions of might
 X - 4 potions of berserk rage
Miscellaneous
 n - a box of beasts
 G - a lightning rod (4/4)
 L - a condenser vane
 M - a tin of tremorstones (2/2)
 Q - a phantom mirror


   Skills:
 + Level 23.3 Fighting
 - Level 12.0 Short Blades
 - Level 19.1 Dodging
 O Level 27 Stealth
 O Level 27 Spellcasting
 O Level 27 Hexes
 - Level 3.0 Necromancy


You had 36 spell levels left.
You knew the following spells:

 Your Spells              Type           Power      Damage    Failure   Level
a - Ensorcelled Hibernat  Hex/Ice        100%       N/A       0%          2
b - Tukima's Dance        Hex            100%       N/A       0%          3
c - Dazzling Flash        Conj/Hex       100%       N/A       0%          3
d - Confusing Touch       Hex            100%       N/A       0%          3
e - Summon Guardian Gole  Hex/Summ       77%        N/A       0%          3
f - Summon Mana Viper     Hex/Summ       77%        N/A       1%          5
g - Enfeeble              Hex            52%        N/A       0%          7
h - Cause Fear            Hex            52%        N/A       0%          4
i - Discord               Hex            52%        N/A       1%          8
j - Blink                 Tloc           64%        N/A       1%          2
k - Dispel Undead         Necr           46%        3d18      2%          4

Your spell library contained the following spells:

 Spells                   Type           Power      Damage    Failure   Level
 Slow                     Hex            100%       N/A       0%          1
 Inner Flame              Hex/Fire       77%        N/A       0%          3
 Portal Projectile        Hex/Tloc       100%       N/A       0%          3
 Foxfire                  Conj/Fire      100%       2x1d9     1%          1
 Freeze                   Ice            100%       1d10      1%          1
 Kiss of Death            Conj/Necr      100%       2d13      1%          1
 Magic Dart               Conj           100%       1d8       1%          1
 Shock                    Conj/Air       100%       1d9       1%          1
 Sting                    Tmut/Pois      100%       1d8       1%          1
 Summon Small Mammal      Summ           100%       N/A       1%          1
 Cigotuvi's Dreadful Rot  Necr/Pois/Air  74%        N/A       1%          2
 Momentum Strike          Conj/Tloc      64%        3d9       1%          2
 Passwall                 Tmut/Erth      26%        N/A       1%          2
 Poisonous Vapours        Pois/Air       64%        N/A       1%          2
 Searing Ray              Conj           64%        2d6       1%          2
 Static Discharge         Conj/Air       64%        2-5/arc   1%          2
 Sublimation of Blood     Necr           46%        N/A       1%          2
 Wereblood                Tmut           32%        N/A       1%          2
 Vampiric Draining        Necr           46%        2d9       1%          3
 Anguish                  Hex/Necr       40%        N/A       1%          4
 Fulminant Prism          Conj/Hex       38%        3d18      1%          4
 Leda's Liquefaction      Hex/Erth       38%        N/A       1%          4
 Metabolic Englaciation   Hex/Ice        38%        N/A       1%          5
 Silence                  Hex/Air        38%        N/A       1%          5
 Yara's Violent Unravell  Hex/Tmut       38%        3d15      1%          5
 Call Canine Familiar     Summ           32%        N/A       2%          3
 Frozen Ramparts          Ice            64%        1d10      2%          3
 Gell's Gravitas          Tloc           32%        N/A       2%          3
 Hailstorm                Conj/Ice       32%        3d8       2%          3
 Ignite Poison            Fire/Tmut/Pois 32%        N/A       2%          3
 Lesser Beckoning         Tloc           64%        N/A       2%          3
 Ozocubu's Armour         Ice            32%        N/A       2%          3
 Spider Form              Tmut/Pois      32%        N/A       2%          3
 Stone Arrow              Conj/Erth      64%        3d11      2%          3
 Swiftness                Air            32%        N/A       2%          3
 Teleport Other           Tloc           32%        N/A       2%          3
 Animate Dead             Necr           46%        N/A       2%          4
 Agony                    Necr           46%        N/A       8%          5
 Airstrike                Air            16%        2d(3-19)  9%          4
 Animate Armour           Summ/Erth      64%        N/A       9%          4
 Flame Wave               Conj/Fire      32%        2d9       9%          4
 Ice Form                 Ice/Tmut       32%        N/A       9%          4
 Iskenderun's Mystic Bla  Conj/Tloc      32%        2d8       9%          4
 Manifold Assault         Tloc           32%        N/A       9%          4
 Olgreb's Toxic Radiance  Pois           32%        N/A       9%          4
 Passage of Golubria      Tloc           32%        N/A       9%          4
 Petrify                  Tmut/Erth      32%        N/A       9%          4
 Sticky Flame             Conj/Fire      32%        2d5       9%          4
 Summon Ice Beast         Ice/Summ       32%        N/A       9%          4
 Summon Lightning Spire   Summ/Air       32%        N/A       9%          4
 Arcjolt                  Conj/Air       16%        1d26      26%         5
 Blade Hands              Tmut           16%        N/A       26%         5
 Fireball                 Conj/Fire      16%        3d8       26%         5
 Irradiate                Conj/Tmut      16%        3d17      26%         5
 Iskenderun's Battlesphe  Conj           32%        2d8       26%         5
 Summon Forest            Summ/Tloc      16%        N/A       26%         5
 Death Channel            Necr           23%        N/A       38%         6
 Simulacrum               Ice/Necr       19%        N/A       58%         6
 Conjure Ball Lightning   Conj/Air       16%        3x3d6     80%         6
 Dispersal                Tloc           16%        N/A       80%         6
 Eringya's Noxious Bog    Tmut/Pois      16%        N/A       80%         6
 Iron Shot                Conj/Erth      16%        9d4       80%         6
 Statue Form              Tmut/Erth      21%        N/A       80%         6
 Summon Cactus Giant      Summ           16%        N/A       80%         6
 Haunt                    Necr/Summ      19%        N/A       99%         7
 Dragon Form              Tmut           16%        N/A       100%        7
 Malign Gateway           Summ/Tloc      16%        N/A       100%        7
 Monstrous Menagerie      Summ           16%        N/A       100%        7
 Orb of Destruction       Conj           16%        9d7       100%        7
 Ozocubu's Refrigeration  Ice            16%        4d11      100%        7
 Spellforged Servitor     Conj/Summ      16%        N/A       100%        7
 Summon Hydra             Summ           16%        N/A       100%        7
 Borgnjor's Revivificati  Necr           23%        N/A       100%        8
 Disjunction              Tloc           16%        N/A       100%        8
 Ignition                 Fire           16%        3d6       100%        8
 Infestation              Necr           23%        N/A       100%        8
 Lehudib's Crystal Spear  Conj/Erth      16%        10d5      100%        8
 Summon Horrible Things   Summ           16%        N/A       100%        8
 Dragon's Call            Summ           16%        N/A       100%        9
 Polar Vortex             Ice            16%        N/A       100%        9


Dungeon Overview and Level Annotations

Branches:
Dungeon (15/15)            Temple (1/1) D:5            Lair (5/5) D:11
 Shoals (4/4) Lair:3       Spider (4/4) Lair:2        Slime (0/5) Lair:5
    Orc (2/2) D:12            Elf (3/3) Orc:2        Vaults (5/5) D:13
  Crypt (3/3) Vaults:3       Tomb (0/3) Crypt:3      Depths (4/4) D:15
    Zot (3/5) Depths:4     Bailey (visited)           IceCv (visited)
Volcano (visited)          WizLab (visited)         Gauntlet (visited)

Altars:
Ashenzari
Cheibriados
Dithmenos
Elyvilon
Fedhas
Gozag
Hepliaklqana
Kikubaaqudgha
Makhleb
Nemelex Xobeh
Okawaru
Qazlal
Ru
Sif Muna
Trog
Uskayaw
Vehumet
Wu Jian
Xom
Yredelemnul
Zin
The Shining One

Shops:
D:3 [   D:4 (   D:5 [   D:11 !   Orc:2 *(*   Elf:2 =:=   Elf:3 *   Vaults:3 *
Depths:3 :*!

Portals:
Hell: Depths:1 Depths:2 Depths:3 Depths:4
Abyss: Depths:3
Pandemonium: Depths:2 Depths:3
Trove: D:13 (give hood of the Assassin)

Annotations:
D:7 1 runed translucent door, Westside's ghost, novice MiFi
Lair:2 exclusion: 4 oklob plants
Lair:5 exclusion: obsidian statue
Elf:3 2 exclusions
Vaults:2 2 transporters, exclusion: orange crystal statue, Xtahua
Depths:1 3 runed translucent doors, Rojuekoth's ghost, journeyman DsGl


Innate Abilities, Weirdness & Mutations

You are very small and have problems with some larger weapons.
You are too small for most types of armour.
You have supernaturally acute eyesight. (SInv)
You cover ground extremely quickly. (Speed+++)
You have a pair of small horns on your head.
Your flesh is heat resistant. (rF+)


Message History

Dithmenos accepts your kill.
The black draconian hits the yellow draconian but does no damage.
The white draconian hits the yellow draconian with a +0 glaive!!
The green draconian hits something with a +0 hand axe!
The green draconian tail-slaps something!
Something barely misses the green draconian.
A black draconian comes into view. It is wielding a +3 war axe.
The death cob barely misses you.
The black draconian hits the white draconian but does no damage.
The white draconian closely misses the black draconian.
Something hits the green draconian!
The green draconian hits something with a +0 hand axe!
The green draconian tail-slaps something.
The death cob completely misses you.
You feel a bit more experienced.
The black draconian hits the white draconian with a +0 hand axe of holy wrath!
The white draconian barely misses the yellow draconian.
The death cob attacks as you move away! The death cob hits you!
* * * LOW HITPOINT WARNING * * *
The death cob drains your vigour!
You feel as though you will be slow longer.
The death cob completely misses you. Dithmenos accepts your kill.
You feel a bit more experienced. The death cob completely misses you.
The black draconian hits the white draconian with a +0 hand axe of holy wrath!
The white draconian hits the black draconian with a +0 glaive.
The yellow draconian spits acid at you.
The glob of acid hits the death cob!!
The acid splashes onto you!
You are splashed with acid!
* * * LOW HITPOINT WARNING * * *
The black draconian breathes lightning at you.
The bolt of lightning misses you.
You hear a chilling moan.
You hear a roar! x2; You hear a deafening roar!
You hear a roar!
The death cob attacks as you move away! The death cob hits you!!
* * * LOW HITPOINT WARNING * * *
You emit a cloud of dark smoke.
The death cob drains your vigour!
You feel as though you will be slow longer.
Found 2 potions of cancellation.
The death cob completely misses you. x2
The death cob hits you!!!
You die...

,,,,,* *,,,,,,,,,,**
,,,,,*###*....!......###
,,,,,,..d.,............#*
,,,,,,..d..,............**
,,,**,.....,,..........,,**
******..d..##*.......#,,,,*
******..d...?**.....#**,,,**
*,,,,,...d.°.###§...##..,,,**
,,,,,,...d.°.°§z@......#,,,,*
,,,,,,.....°°°#§§.....##*,,,**
,**,,,.###...°§§#../.#.#*,,,,*
****,,.####......#...#,**,,,,**
**,,,,...##{...#.....#,,*,,,,,*
,,**,,....d...##.....#,,*,,,,,**
...,,,.......d.#.......,,,,*,,,*
...,,,.........#.......,,,,*,,,*
..,,,,.................,,,,,,,,*


You could see a neutral death cob (fast, strong, insane).

Vanquished Creatures
  2 pandemonium lords
  A royal mummy (Zig:11)
  Vv (Depths:2)
  A Killer Klown (Zot:2)
  Margery (Crypt:1)
  3 golden dragons (Zot:1)
  2 bone dragons (Zig:6)
  Arachne (Spider:4)
  A doom hound (Zig:6)
  A Brimstone Fiend (Zig:5)
  Jorgrun (D:13)
  A searing wretch (Zig:7)
  8 tentacled monstrosities
  A tainted leviathan (Zig:6)
  2 quicksilver dragons
  2 titans (Vaults:5)
  5 liches
  2 walking frostbound tomes
  4 ancient champions
  An acid blob (Zig:1)
  A tentacled starspawn (Zig:4)
  A kraken (Shoals:3)
  A sphinx (Vaults:5)
  3 death cobs
  2 storm dragons
  9 tengu reavers
  7 shadow dragons
  5 revenants
  A demonspawn warmonger (Zig:5)
  Ilsuiw (Shoals:2)
  2 emperor scorpions
  6 frost giants
  4 draconian monks
  An iron dragon (Vaults:5)
  7 ghost moths
  5 curse skulls
  11 vault wardens
  A caustic shrike zombie (Depths:3)
  An orc warlord (D:12)
  3 reapers
  5 ghouls
  2 draconian annihilators (Depths:4)
  A draconian stormcaller (WizLab)
  A spriggan defender (Depths:3)
  7 ironbound preservers
  4 very ugly things
  4 ironbound thunderhulks
  5 stone giants
  2 war gargoyles
  A juggernaut skeleton (Depths:3)
  3 green draconians
  7 vampire knights
  5 black draconians
  Azrael (Spider:2)
  13 purple draconians
  4 red draconians (Depths:4)
  A deep elf demonologist (Elf:1)
  A minotaur (Gauntlet)
  14 dire elephants
  9 white draconians
  5 yellow draconians
  A putrid mouth (Zig:6)
  5 spark wasps
  3 deep elf annihilators (Elf:3)
  3 eidola
  5 crystal guardians
  5 statues (WizLab)
  A deep elf death mage (Elf:3)
  2 merfolk javelineers
  Snorg (D:12)
  3 fire dragons
  4 ettins
  2 deep elf high priests
  A blizzard demon (Depths:1)
  3 quicksilver dragon zombies
  9 jiangshi
  2 spectral spriggans (Crypt:3)
  5 merfolk impalers
  10 yaktaur captains
  A rakshasa (Depths:3)
  2 ice dragons
  4 great orbs of eyes
  2 vault guards (Vaults:4)
  4 peacekeepers
  6 entropy weavers
  3 hydras
  2 merfolk aquamancers (Shoals:2)
  An alligator snapping turtle (Shoals:4)
  3 catoblepae
  2 centaur warriors
  A jorogumo (Spider:4)
  2 radroaches
  A spriggan air mage (Depths:2)
  3 ghost crabs (Lair:4)
  An ogre mage (Vaults:5)
  10 dancing weapons
  A spectral human (Crypt:3)
  10 two-headed ogres
  3 death knights
  An ironbound frostheart (Vaults:4)
  6 deep troll shamans
  3 tengu warriors
  3 death yaks (Lair:4)
  8 boulder beetles
  A deep troll earth mage (Depths:1)
  2 spriggan berserkers
  A spectral dire elephant (Lair:5)
  Sonja (Lair:5)
  A storm dragon zombie (Depths:3)
  3 vampire magi (Crypt:3)
  A titan zombie (Depths:3)
  2 deep elf knights (Elf:2)
  A soul eater (Crypt:3)
  2 spriggans (Depths:1)
  A titan skeleton (Crypt:2)
  6 fire crabs
  A sun moth (Spider:3)
  3 iron trolls
  8 skeletal warriors
  An anaconda zombie (Crypt:1)
  A spectral anaconda (Lair:5)
  A spatial maelstrom (Zig:4)
  5 flayed ghosts
  Lodul (D:12)
  2 spectral death yaks (Lair:5)
  A salamander mystic (Depths:4)
  A storm dragon skeleton (Crypt:2)
  11 shadow wraiths
  2 steelbarb worms
  3 pharaoh ants (Spider:3)
  A ghost moth zombie (Crypt:1)
  2 golden dragon zombies
  25 deep trolls
  6 orb spiders
  6 sea snakes
  2 golden dragon skeletons
  2 steelbarb worms (shapeshifter)
  An orange crystal statue (Zig:2)
  9 harpies
  2 wizards
  A spriggan simulacrum (Crypt:1)
  A spectral wolf spider (D:14)
  8 necromancers
  15 phantasmal warriors
  Pikel (D:5)
  A shadow dragon zombie (Crypt:3)
  3 deep elf archers
  15 deep elf pyromancers
  15 deep elf zephyrmancers
  6 lindwurms
  A wolf spider zombie (D:14)
  A harpy (shapeshifter) (Elf:2)
  6 ironbound convokers
  2 oklob plants
  10 wolf spiders
  A jorogumo zombie (Crypt:2)
  A mana viper (shapeshifter) (Zig:3)
  An orc knight (Bailey)
  3 fauns (Shoals:3)
  A stone giant zombie (Depths:1)
  An orc sorcerer (D:12)
  27 ugly things
  A frost giant zombie (Crypt:3)
  A spectral ice dragon (D:14)
  10 cyclopes
  Maurice (D:11)
  14 moths of wrath
  A salamander (Depths:4)
  15 manticores
  A spectral centaur (D:14)
  3 black mambas
  2 fire giant skeletons (Depths:3)
  19 elephants
  An ice statue (IceCv)
  An apocalypse crab (Lair:4)
  A centaur zombie (D:14)
  9 merfolk sirens
  A dire elephant zombie (Lair:5)
  An alligator snapping turtle zombie (Crypt:1)
  15 vault sentinels
  12 cane toads
  Joseph (D:7)
  6 water nymphs
  A gargoyle (D:13)
  2 centaur skeletons (D:14)
  2 molten gargoyles (Volcano)
  3 torpor snails
  3 rime drakes
  2 unseen horrors (D:12)
  3 demonic crawlers
  2 kobold demonologists (D:12)
  A human zombie (Vaults:2)
  A cane toad (shapeshifter) (D:14)
  2 efreet (D:15)
  A bunyip simulacrum (Crypt:1)
  3 anaconda simulacra (IceCv)
  23 freezing wraiths
  11 yaktaurs
  A rime drake (shapeshifter) (D:15)
  8 komodo dragons
  A grey draconian skeleton (Crypt:2)
  A spectral deep troll (D:14)
  5 tengu conjurers
  12 ice devils (IceCv)
  10 merfolk
  A hellwing (Depths:2)
  2 red draconian skeletons
  A queen bee (Lair:2)
  7 meliai
  An ancient zyme (Zig:4)
  A mana viper skeleton (Crypt:2)
  7 trolls
  A harpy zombie (Crypt:2)
  A polar bear (shapeshifter) (Elf:1)
  3 hornets
  5 wind drakes
  3 polar bears
  2 wolf spider simulacra (D:14)
  21 tarantellas
  A slime creature (shapeshifter) (Vaults:5)
  Prince Ribbit (D:8)
  4 spriggan zombies
  4 blink frogs
  15 slime creatures
  6 snapping turtles
  A spectral elephant (Lair:5)
  6 dream sheep
  A fire dragon zombie (Crypt:2)
  A satyr zombie (Crypt:3)
  2 meliai zombies (D:14)
  23 jumping spiders
  8 flying skulls
  Sigmund (D:2)
  10 culicivoras
  2 ettin skeletons (Depths:1)
  3 air elementals
  3 shadows
  8 wyverns
  A dire elephant simulacrum (IceCv)
  44 yaks
  14 wraiths
  2 vampires (D:14)
  11 water elementals
  4 fire elementals
  11 fire bats
  A redback (shapeshifter) (Vaults:5)
  4 alligator snapping turtle simulacra (Shoals:3)
  7 basilisks
  Grum (D:8)
  31 redbacks
  16 vampire mosquitoes
  A steam dragon (Volcano)
  5 death yak simulacra
  A spectral cane toad (Lair:5)
  3 sea snake simulacra (Shoals:3)
  Edmund (D:5)
  5 wargs
  4 harpy simulacra
  A hydra simulacrum (IceCv)
  A deep troll skeleton (Crypt:1)
  8 hell hounds
  15 water moccasins
  A floating eye (Depths:4)
  2 glowing shapeshifter skeletons
  A human skeleton (Vaults:2)
  A swamp drake (D:12)
  22 orc warriors
  An elephant zombie (Lair:5)
  A satyr simulacrum (Shoals:3)
  An ice beast (D:8)
  An ice dragon simulacrum (D:14)
  13 ogres
  5 centaurs
  22 wolves
  2 phantoms
  An elf simulacrum (Vaults:2)
  2 gnoll sergeants (D:9)
  8 kobold brigands
  An elf zombie (Crypt:3)
  4 necrophages
  3 scorpions
  A deep troll simulacrum (D:14)
  10 bullfrogs
  3 faun simulacra (Shoals:3)
  3 merfolk simulacra (Shoals:3)
  A tengu simulacrum (Depths:1)
  A wyvern zombie (Crypt:3)
  5 cane toad simulacra
  A two-headed ogre simulacrum (IceCv)
  2 earth elementals (Elf:3)
  36 killer bees
  4 wights
  A manticore simulacrum (Shoals:3)
  10 elephant simulacra
  2 spriggan skeletons
  A howler monkey (D:8)
  A yak skeleton (Crypt:1)
  4 lava snakes (Volcano)
  4 hounds
  13 orc priests
  2 jellies
  2 cyclops simulacra (Shoals:3)
  Jessica (D:2)
  3 iguanas
  16 orc wizards
  4 hell rats (Lair:4)
  2 troll simulacra (IceCv)
  3 polar bear simulacra (IceCv)
  3 wolf simulacra (IceCv)
  A centaur simulacrum (Shoals:3)
  A naga zombie (Crypt:1)
  8 gnolls
  7 adders
  A river rat (Lair:2)
  4 white imps
  2 ufetubi (IceCv)
  2 worms
  A dart slug (D:1)
  78 orcs
  5 ball pythons
  5 endoplasms
  5 giant cockroaches
  21 goblins
  6 hobgoblins
  4 jackals (D:5)
  5 quokkas
  4 bats
  3 frilled lizards
  16 kobolds
  An orc skeleton (Crypt:2)
  5 rats
  A tentacle (Shoals:3)
1575 creatures vanquished.

Vanquished Creatures (collateral kills)
  An ancient lich (Vaults:5)
  5 royal mummies
  2 pandemonium lords (Zig:14)
  Bai Suzhen (Vaults:4)
  2 Killer Klowns (Zig:14)
  A caustic shrike (shapeshifter) (Zig:14)
  7 caustic shrikes
  5 golden dragons
  A Brimstone Fiend (Zig:7)
  A searing wretch (Zig:7)
  2 Hell Sentinels
  7 tentacled monstrosities
  A quicksilver dragon (Vaults:5)
  2 liches
  A deep elf blademaster (Elf:3)
  3 titans (Vaults:5)
  3 ancient champions
  A death cob (Zot:2)
  2 deep elf master archers (Elf:3)
  A sphinx (Vaults:4)
  3 shadow dragons
  5 tengu reavers
  2 draconian knights
  7 storm dragons
  An iron dragon (Vaults:5)
  3 draconian monks
  A revenant (Crypt:2)
  2 cacodemons (Zig:14)
  3 frost giants
  5 draconian scorchers
  2 fire giants
  3 balrugs (Zig:7)
  2 deep elf sorcerers (Elf:3)
  2 vault wardens
  5 ghost moths
  An emperor scorpion (Spider:4)
  13 ironbound preservers
  2 juggernaut zombies
  3 draconian stormcallers (Zot:3)
  2 ghouls
  A caustic shrike zombie (Depths:3)
  A spriggan defender (Depths:3)
  14 very ugly things
  5 war gargoyles
  A vampire knight (Crypt:2)
  3 ironbound thunderhulks
  A broodmother (Spider:4)
  3 bennus (Zig:11)
  A stone giant (Depths:2)
  2 black draconians
  3 deep elf annihilators (Elf:3)
  An eleionoma (shapeshifter) (Zig:14)
  8 deep elf demonologists
  10 white draconians
  2 green draconians
  5 red draconians
  2 spark wasps (Zig:10)
  3 deep elf death magi (Elf:3)
  2 yellow draconians
  2 dire elephants (Vaults:3)
  4 purple draconians
  4 statues (WizLab)
  11 mummy priests
  6 merfolk javelineers
  2 ettins
  A green death (Zig:5)
  4 eidola
  3 entropy weavers (Zig:10)
  A crystal guardian (Vaults:1)
  3 merfolk impalers
  3 deep elf high priests
  4 jiangshi (Crypt:1)
  4 fire dragons
  A great orb of eyes (Vaults:4)
  4 yaktaur captains
  A salamander tyrant (Depths:4)
  2 peacekeepers
  3 hydras (Depths:3)
  A spriggan air mage (Depths:3)
  An ice dragon (Depths:3)
  A hell beast (Depths:3)
  A merfolk avatar (Shoals:4)
  26 vault guards
  An alligator snapping turtle (Shoals:4)
  An ironbound frostheart (Vaults:3)
  A stoker (Zig:7)
  2 deep troll shamans (Depths:2)
  2 merfolk aquamancers (Shoals:4)
  2 deep troll earth magi (Depths:2)
  2 death knights
  An anaconda (shapeshifter) (Zig:14)
  2 tengu warriors (Depths:2)
  A vampire mage (Crypt:1)
  2 death scarabs
  A radroach (Spider:2)
  2 satyrs
  3 spriggan berserkers
  7 hell knights
  6 orc high priests
  4 death yaks (Lair:4)
  3 iron trolls (Depths:2)
  A titan skeleton (Zig:13)
  2 crystal echidnas
  4 pharaoh ants
  8 shadow wraiths (Crypt:3)
  A spectral death yak (Lair:5)
  3 sea snakes
  A storm dragon skeleton (Zig:12)
  11 skeletal warriors
  A golden dragon zombie (Depths:3)
  2 steelbarb worms (Zig:10)
  2 death drakes (Depths:4)
  3 orb spiders
  A lindwurm (Vaults:1)
  4 flayed ghosts
  4 wizards
  A kraken simulacrum (Shoals:3)
  2 obsidian statues
  3 orange crystal statues (Zig:8)
  A lindwurm (shapeshifter) (Vaults:5)
  5 necromancers
  41 deep trolls
  10 phantasmal warriors
  A golden dragon skeleton (Zig:11)
  A shadow dragon zombie (Zig:11)
  9 orc knights
  8 ironbound convokers
  A tengu skeleton (Depths:3)
  2 sphinx zombies (Depths:3)
  7 deep elf zephyrmancers
  19 harpies
  15 ugly things
  6 deep elf pyromancers
  3 wolf spiders
  10 fauns
  7 salamanders (Depths:4)
  3 cyclopes
  6 merfolk sirens
  4 moths of wrath
  2 frost giant zombies
  A spectral centaur (D:14)
  2 elephants (Lair:5)
  An iron dragon skeleton (Zig:12)
  15 manticores
  An eleionoma skeleton (Crypt:2)
  4 water nymphs
  3 apocalypse crabs (Zig:14)
  3 smoke demons (Depths:4)
  3 torpor snails
  A guardian serpent (shapeshifter) (Depths:4)
  2 torpor snails (shapeshifter)
  5 vault sentinels
  2 ice statues (Zig:2)
  3 hellions
  3 demonic crawlers (Spider:4)
  21 yaktaurs
  A yaktaur (shapeshifter) (Vaults:5)
  4 freezing wraiths
  8 tengu conjurers
  16 guardian mummies
  3 trolls (Vaults:1)
  A polar bear (shapeshifter) (Vaults:5)
  A wolf spider simulacrum (D:14)
  11 merfolk
  2 hornets (Depths:3)
  4 tarantellas
  A hydra skeleton (Crypt:2)
  11 slime creatures
  5 wind drakes
  A tarantella zombie (Crypt:1)
  20 jumping spiders
  4 snapping turtles
  15 dream sheep
  2 air elementals
  7 flying skulls
  4 shadows (Crypt:3)
  9 culicivoras
  11 dancing weapons
  2 spriggans (Depths:3)
  8 water elementals
  5 wraiths
  7 ushabtiu
  A wyvern (Depths:3)
  13 redbacks
  An entropy weaver zombie (Crypt:3)
  A spectral cane toad (Lair:5)
  2 hell hounds (Depths:3)
  A glowing shapeshifter skeleton (Zig:11)
  30 orc warriors
  2 ogres (Orc:1)
  2 earth elementals
  A glowing shapeshifter simulacrum (Zig:12)
  2 necrophages (Lair:3)
  A faun simulacrum (Shoals:3)
  3 wights
  14 orc priests
  3 orc wizards
  A hell rat (Depths:3)
  18 mummies
  5 gnolls
  42 orcs
911 creatures vanquished.

Vanquished Creatures (others)
  A pandemonium lord (Zig:14)
  A royal mummy (Zig:13)
  2 Killer Klowns (Zig:14)
  4 caustic shrikes
  4 tentacled monstrosities
  A quicksilver dragon (Zot:2)
  A deep elf blademaster (Elf:3)
  A sphinx (Vaults:5)
  3 tengu reavers
  2 storm dragons (Depths:4)
  A draconian monk (Depths:4)
  A fire giant (Depths:3)
  A ghost moth (Spider:4)
  A deep elf sorcerer (Elf:3)
  3 ironbound preservers
  6 war gargoyles
  A draconian stormcaller (Zot:2)
  A vampire knight (Depths:3)
  A green draconian (Zot:2)
  A bennu (Zig:11)
  A yellow draconian (Zot:3)
  2 purple draconians
  A white draconian (Depths:4)
  2 deep elf death magi
  A fire dragon (Depths:3)
  A merfolk javelineer (Shoals:4)
  2 mummy priests (Zig:12)
  A yaktaur captain (Vaults:4)
  An entropy weaver (Spider:4)
  A jiangshi (Crypt:1)
  3 vault guards
  2 jorogumos (Spider:4)
  A death scarab (Zig:13)
  A deep troll earth mage (Depths:2)
  A salamander mystic (Depths:4)
  A shadow wraith (Crypt:3)
  3 skeletal warriors
  3 orb spiders (Spider:4)
  4 deep trolls
  A sea snake (Shoals:4)
  A bog body (Crypt:1)
  A phantasmal warrior (Crypt:3)
  A necromancer (Crypt:1)
  A deep elf pyromancer (Elf:1)
  2 orc knights
  A deep elf zephyrmancer (Elf:3)
  4 wolf spiders
  3 fauns
  3 ugly things
  A salamander (Depths:4)
  A moth of wrath (Zot:2)
  A merfolk siren (Shoals:4)
  2 manticores
  A cane toad (Lair:5)
  A freezing wraith (Crypt:3)
  6 tengu conjurers (WizLab)
  A komodo dragon (Lair:3)
  2 wind drakes (Shoals:2)
  3 merfolk
  A troll (Vaults:5)
  2 tarantellas (Spider:4)
  2 guardian mummies (Zig:12)
  3 slime creatures
  A dream sheep (Shoals:2)
  5 jumping spiders
  6 flying skulls
  3 redbacks
  16 dancing weapons
  A water moccasin (Lair:3)
  3 orc warriors (Orc:2)
  An ogre (Orc:2)
  A kobold brigand (Bailey)
  2 necrophages (Lair:3)
  An orc wizard (Orc:2)
  8 mummies
  An orc (D:12)
  25 fungi
  89 plants
  8 tentacles (Shoals:3)
  12 withered plants (Lair:5)
297 creatures vanquished.

Grand Total: 2783 creatures vanquished

Notes
Turn   | Place    | Note
-------+----------+-------------------------------------------
     0 | D:1      | Prth the Spriggan Enchanter began the quest for the Orb.
     0 | D:1      | Reached XP level 1. HP: 9/9 MP: 5/5
   195 | D:1      | Reached XP level 2. HP: 13/13 MP: 7/7
   198 | D:1      | Learned a level 2 spell: Ensorcelled Hibernation
   776 | D:1      | Reached XP level 3. HP: 8/16 MP: 9/9
   828 | D:1      | Learned a level 3 spell: Tukima's Dance
   832 | D:1      | Learned a level 3 spell: Confusing Touch
  1048 | D:2      | Noticed Jessica
  1052 | D:2      | Killed Jessica
  1234 | D:2      | Noticed Sigmund
  1250 | D:2      | Reached XP level 4. HP: 20/21 MP: 11/11
  1265 | D:2      | Killed Sigmund
  1266 | D:2      | Reached skill level 5 in Spellcasting
  1266 | D:2      | Reached XP level 5. HP: 24/24 MP: 4/14
  1681 | D:2      | Found a faded altar of an unknown god.
  1932 | D:3      | Reached XP level 6. HP: 28/28 MP: 12/15
  2287 | D:3      | Found Japhoum's Antique Armour Shop.
  2610 | D:4      | Reached skill level 5 in Stealth
  2650 | D:4      | Learned a level 3 spell: Dazzling Flash
  3448 | D:4      | Found Foett's Antique Weapon Boutique.
  3765 | D:5      | Entered Level 5 of the Dungeon
  3766 | D:5      | Found a staircase to the Ecumenical Temple.
  3775 | Temple   | Entered the Ecumenical Temple
  3842 | D:5      | Noticed Pikel
  3863 | D:5      | Killed Pikel
  3864 | D:5      | Reached XP level 7. HP: 27/32 MP: 8/18
  4084 | D:5      | Reached XP level 8. HP: 36/36 MP: 14/20
  4138 | D:5      | Noticed Edmund
  4155 | D:5      | Killed Edmund
  4582 | D:5      | Found Qorol's Armour Boutique.
  4767 | D:5      | Found a shadowy altar of Dithmenos.
  4777 | D:5      | Became a worshipper of Dithmenos the Shadowed
  4917 | D:5      | Identified the +1 helmet of Mumblety Peg {rElec Will+ Dex+2
                  | Slay+3}
  5041 | D:6      | Reached skill level 10 in Stealth
  5416 | D:6      | Learned a level 3 spell: Summon Guardian Golem
  5424 | D:6      | Noticed a two-headed ogre
  5425 | D:6      | Reached XP level 9. HP: 37/39 MP: 13/23
  5705 | D:6      | Killed a two-headed ogre
  5706 | D:6      | Reached skill level 10 in Hexes
  5838 | D:6      | Gained mutation: Your flesh is heat resistant. (rF+)
                  | [potion of mutation]
  5838 | D:6      | Gained mutation: You have a pair of small horns on your
                  | head. [potion of mutation]
  5853 | D:6      | Found a shimmering blue altar of Sif Muna.
  6159 | D:7      | Found a flagged portal.
  6169 | D:7      | Reached skill level 10 in Spellcasting
  6188 | Bailey   | Entered a bailey
  6241 | Bailey   | Reached * piety under Dithmenos
  6282 | Bailey   | Noticed an orc knight
  6297 | Bailey   | Killed an orc knight
  6384 | Bailey   | Identified the ring of the Okapi {rPois rC+ Str-5 Int+6
                  | Dex+4}
  6433 | Bailey   | Reached XP level 10. HP: 44/44 MP: 22/25
  6473 | Bailey   | Found a bloodstained altar of Trog.
  6503 | Bailey   | Identified the +2 robe "Gajiro Ciloa" {-Tele rC+ Will++
                  | Str+4}
  6610 | D:7      | Noticed Joseph
  6657 | D:7      | Killed Joseph
  6658 | D:7      | Reached skill level 1 in Fighting
  6732 | D:7      | Found a snail-covered altar of Cheibriados.
  6738 | D:7      | Found a burning altar of Makhleb.
  6738 | D:7      | Found a basalt altar of Yredelemnul.
  6744 | D:7      | Found a shimmering altar of Xom.
  6825 | D:7      | Found a runed translucent door.
  6826 | D:7      | Noticed a deep elf pyromancer
  6829 | D:7      | Noticed Westside's ghost (novice MiFi)
  6829 | D:7      | Found the +14 obsidian axe {vorpal, Mesm Drain Fly SInv}
  6846 | D:7      | Noticed a two-headed ogre
  6856 | D:7      | Killed a two-headed ogre
  7018 | D:7      | Found a glowing silver altar of Zin.
  7018 | D:7      | Noticed an angel
  7323 | D:8      | Noticed Grum
  7330 | D:8      | Killed Grum
  7344 | D:8      | Reached ** piety under Dithmenos
  7920 | D:8      | Reached skill level 5 in Dodging
  7940 | D:8      | Noticed a red ugly thing
  7942 | D:8      | Killed a red ugly thing
  7996 | D:8      | Noticed Prince Ribbit
  8010 | D:8      | Killed Prince Ribbit
  8746 | D:9      | Found a broken altar of Ashenzari.
  9160 | D:9      | Found a sparkling altar of Nemelex Xobeh.
  9191 | D:9      | Found a bloodstained altar of Trog.
  9380 | D:9      | Reached *** piety under Dithmenos
  9507 | D:9      | Noticed a two-headed ogre
  9514 | D:9      | Killed a two-headed ogre
  9515 | D:9      | Reached XP level 11. HP: 52/52 MP: 24/27
  9790 | D:10     | Entered Level 10 of the Dungeon
  9907 | D:10     | Reached **** piety under Dithmenos
 10126 | D:10     | Noticed a two-headed ogre
 10133 | D:10     | Killed a two-headed ogre
 10392 | D:10     | Found a sacrificial altar of Ru.
 10753 | D:11     | Noticed a two-headed ogre
 10765 | D:11     | Killed a two-headed ogre
 10766 | D:11     | Reached skill level 5 in Short Blades
 10797 | D:11     | Noticed a boulder beetle
 10814 | D:11     | Killed a boulder beetle
 11040 | D:11     | Found a staircase to the Lair.
 11201 | D:11     | Found Iguug's Distillery.
 11207 | D:11     | Bought a potion of curing for 45 gold pieces
 11207 | D:11     | Bought a potion of degeneration for 15 gold pieces
 11207 | D:11     | Bought a potion of curing for 45 gold pieces
 11207 | D:11     | Bought a potion of might for 60 gold pieces
 11294 | D:11     | Noticed a two-headed ogre
 11301 | D:11     | Killed a two-headed ogre
 11379 | D:11     | Noticed Maurice
 11381 | D:11     | Killed Maurice
 11609 | D:11     | Noticed a two-headed ogre
 11619 | D:11     | Killed a two-headed ogre
 11620 | D:11     | Reached XP level 12. HP: 58/58 MP: 21/29
 11719 | D:11     | Reached skill level 15 in Stealth
 11840 | D:12     | Noticed a boulder beetle
 11867 | D:12     | Noticed a boulder beetle
 11868 | D:12     | Killed a boulder beetle
 11872 | D:12     | Killed a boulder beetle
 12044 | D:12     | Identified the +11 broad axe of Fate {vamp, Dex+7}
 12062 | D:12     | Learned a level 5 spell: Summon Mana Viper
 12071 | D:12     | Reached skill level 5 in Fighting
 12073 | D:12     | Identified the ring of Kaseejirph {Drain rF+++ rC+ Slay-6
                  | SInv}
 12181 | D:12     | Noticed a boulder beetle
 12181 | D:12     | Noticed a two-headed ogre
 12182 | D:12     | Noticed a two-headed ogre
 12184 | D:12     | Killed a two-headed ogre
 12186 | D:12     | Killed a two-headed ogre
 12190 | D:12     | Killed a boulder beetle
 12447 | D:12     | Noticed an orc warlord
 12467 | D:12     | Reached ***** piety under Dithmenos
 12497 | D:12     | Killed an orc warlord
 12716 | D:12     | Identified the +7 mace of a Labyrinth {holy, rPois rN+
                  | Int+2}
 12823 | D:12     | Noticed a two-headed ogre
 12830 | D:12     | Killed a two-headed ogre
 12844 | D:12     | Noticed Snorg
 12851 | D:12     | Killed Snorg
 12852 | D:12     | Reached XP level 13. HP: 65/65 MP: 31/31
 13092 | D:12     | Found a staircase to the Orcish Mines.
 13296 | D:12     | Noticed Lodul
 13306 | D:12     | Killed Lodul
 13307 | D:12     | Reached skill level 10 in Dodging
 14192 | D:13     | Noticed Jorgrun
 14256 | D:13     | Killed Jorgrun
 14426 | D:13     | Found a gate to the Vaults.
 14540 | D:13     | Found a portal to a secret trove of treasure.
 14867 | D:14     | Found a gate leading to a gauntlet.
 14876 | Gauntlet | Entered a Gauntlet
 14876 | Gauntlet | Found a transporter.
 14876 | Gauntlet | Found a transporter.
 14876 | Gauntlet | Found a transporter.
 14925 | Gauntlet | Found a transporter.
 14935 | Gauntlet | Found a transporter.
 14939 | Gauntlet | Found a transporter.
 14955 | Gauntlet | Found a transporter.
 14956 | Gauntlet | Found a transporter.
 14973 | Gauntlet | Found a transporter.
 14977 | Gauntlet | Found a transporter.
 14987 | Gauntlet | Found a transporter.
 14991 | Gauntlet | Found a transporter.
 15279 | Gauntlet | Learned a level 7 spell: Enfeeble
 15298 | Gauntlet | Identified the ring of the Saviour {+Blink Will+ Str+6
                  | Int+6 Stlth+}
 15318 | Gauntlet | Noticed a minotaur
 15508 | Gauntlet | Killed a minotaur
 15534 | Gauntlet | Identified the +1 kite shield of Wisdom {rN+}
 15543 | Gauntlet | Got the Omnibus of the Intoxicating Iceberg
 16371 | D:14     | Reached XP level 14. HP: 63/70 MP: 24/33
 17040 | D:14     | Found an ancient bone altar of Kikubaaqudgha.
 17040 | D:14     | Noticed a vampire knight
 17043 | D:14     | Reached skill level 15 in Hexes
 17044 | D:14     | Killed a vampire knight
 18063 | Lair:1   | Entered Level 1 of the Lair of Beasts
 18616 | Lair:1   | Learned a level 4 spell: Cause Fear
 18625 | Lair:1   | Learned a level 8 spell: Discord
 18914 | Lair:2   | Reached ****** piety under Dithmenos
 18962 | Lair:2   | Reached skill level 10 in Short Blades
 19157 | Lair:2   | Found a hole to the Spider Nest.
 19284 | Lair:2   | Found a dark tunnel.
 19294 | Volcano  | Entered a volcano
 19476 | Volcano  | Found a radiant altar of Vehumet.
 19499 | Volcano  | Reached skill level 15 in Spellcasting
 20644 | Lair:3   | Reached XP level 15. HP: 54/77 MP: 19/35
 20948 | Lair:3   | Found a staircase to the Shoals.
 21036 | Lair:3   | Identified the +6 rapier of the Inferno {vorpal, rPois rN+}
 21899 | D:3      | Bought the +2 hood of the Assassin {Detection Stab+
                  | Stlth++} for 1440 gold pieces
 21899 | D:3      | Found the +2 hood of the Assassin {Detection Stab+ Stlth++}
 22352 | Lair:4   | Found a runed translucent door.
 22541 | Lair:4   | Found a frozen archway.
 22585 | IceCv    | Entered an ice cave
 23015 | IceCv    | Found an ancient bone altar of Kikubaaqudgha.
 24906 | Lair:5   | Entered Level 5 of the Lair of Beasts
 24989 | Lair:5   | Noticed Sonja
 25001 | Lair:5   | Killed Sonja
 25310 | Lair:5   | Found a staircase to the Slime Pits.
 25358 | Lair:5   | Reached XP level 16. HP: 82/82 MP: 36/36
 26427 | Lair:5   | Got the Parchment of the Bloody Congregation
 26431 | Lair:5   | Learned a level 2 spell: Blink
 26728 | Orc:1    | Entered Level 1 of the Orcish Mines
 27203 | Orc:2    | Entered Level 2 of the Orcish Mines
 27203 | Orc:2    | Found a staircase to the Elven Halls.
 28229 | Orc:2    | Found Fukhlap's General Store.
 28229 | Orc:2    | Found Wuzadan's Antique Armour Shop.
 28230 | Orc:2    | Found Ricvater's Weapon Shop.
 28230 | Orc:2    | Found Jaotis's Assorted Antiques.
 28249 | Orc:2    | Bought a scroll of magic mapping for 165 gold pieces
 28249 | Orc:2    | Bought a scroll of enchant armour for 165 gold pieces
 28249 | Orc:2    | Bought a potion of curing for 66 gold pieces
 28429 | D:15     | Entered Level 15 of the Dungeon
 28978 | D:15     | Found a staircase to the Depths.
 29176 | D:15     | Noticed a tengu reaver
 29180 | D:15     | Killed a tengu reaver
 29372 | Elf:1    | Entered Level 1 of the Elven Halls
 29699 | Elf:1    | Paralysed by an air elemental for 1 turns
 30522 | Elf:2    | Paralysed by an air elemental for 1 turns
 30527 | Elf:2    | Paralysed by an air elemental for 1 turns
 30942 | Elf:2    | Found Extannoepp's Jewellery Shop.
 30945 | Elf:2    | Found Qink's Book Emporium.
 30946 | Elf:2    | Found Vafih's Jewellery Shop.
 30950 | Elf:2    | Reached XP level 17. HP: 88/88 MP: 38/38
 31162 | Elf:2    | Reached skill level 15 in Dodging
 31533 | Elf:2    | Found a runed translucent gate.
 31534 | Elf:2    | Found a runed translucent gate.
 31534 | Elf:2    | Found a runed translucent gate.
 31571 | Elf:3    | Entered Level 3 of the Elven Halls
 31611 | Elf:3    | Paralysed by an air elemental for 1 turns
 31624 | Elf:3    | Paralysed by an air elemental for 1 turns
 31864 | Elf:3    | Found Yzevuev's General Store.
 31896 | Elf:3    | Bought a potion of berserk rage for 85 gold pieces
 31916 | Elf:3    | Noticed a deep elf blademaster
 31919 | Elf:3    | Noticed a deep elf master archer
 31920 | Elf:3    | Identified the +3 short sword "Govyekh" {vorpal, rPois rN+
                  | Str+4}
 31930 | Elf:3    | Noticed a deep elf blademaster
 31934 | Elf:3    | Killed a deep elf master archer
 31935 | Elf:3    | Reached skill level 10 in Fighting
 31944 | Elf:3    | Killed a deep elf blademaster
 31955 | Elf:3    | Killed a deep elf blademaster
 32732 | Elf:3    | Identified the amulet "Ehesoil" {RegenMP *Slow +Inv Regen+}
                  | (You took it off a deep elf pyromancer on level 3 of the
                  | Elven Halls)
 32900 | Elf:3    | Identified the +8 dagger "Jinug" {flame, rElec}
 32925 | Elf:3    | Noticed a deep elf master archer
 32940 | Elf:3    | Killed a deep elf master archer
 33047 | Elf:3    | Identified the +0 short sword of Grand Reinforcement
                  | {vorpal, rN+ Str+2 Dex+4}
 33414 | Elf:3    | Found Yzevuev's General Store.
 34226 | Spider:1 | Entered Level 1 of the Spider Nest
 35977 | Spider:2 | Identified the +1 scale mail of Untold Secrets {Slay+5}
 36648 | Spider:2 | Noticed Azrael
 36653 | Spider:2 | Killed Azrael
 36656 | Spider:2 | Reached XP level 18. HP: 95/95 MP: 37/40
 37582 | Shoals:1 | Entered Level 1 of the Shoals
 38024 | Shoals:1 | Identified the +5 leather armour of Jougeudd {Rampage
                  | Will++}
 38255 | Shoals:2 | Noticed Ilsuiw
 38448 | Shoals:2 | Killed Ilsuiw
 40520 | Shoals:3 | Found a runed translucent gate.
 40520 | Shoals:3 | Found a runed translucent gate.
 40520 | Shoals:3 | Found a runed translucent gate.
 41182 | Shoals:3 | Identified the ring of Luploy {EV+4 Str+2 Dex+7}
 41199 | Shoals:3 | Identified the +3 leather armour "Lyfrot" {-Tele rCorr
                  | Dex+10}
 41230 | Shoals:4 | Entered Level 4 of the Shoals
 41706 | Shoals:4 | Got a barnacled rune of Zot
 41978 | Shoals:4 | Reached XP level 19. HP: 101/101 MP: 33/42
 43143 | Spider:3 | Identified a scroll of acquirement
 43153 | Spider:3 | Acquired 961 gold pieces
 43904 | Spider:4 | Entered Level 4 of the Spider Nest
 43946 | Spider:4 | Identified the +0 robe "Damarhyc" {Harm +Inv Fly Str-3}
 44794 | Spider:4 | Paralysed by a jorogumo for 1 turns
 45241 | Spider:4 | Noticed Arachne
 45270 | Spider:4 | Killed Arachne
 46023 | Spider:4 | Found the +0 pair of fencer's gloves {Riposte Dex+3}
 46055 | Spider:4 | Identified the +1 hat "Xukh" {rF++ rN+}
 46070 | Spider:4 | Got a gossamer rune of Zot
 46449 | Vaults:1 | Entered Level 1 of the Vaults
 48381 | Vaults:2 | Reached XP level 20. HP: 108/108 MP: 42/45
 49290 | Vaults:2 | Found a transporter.
 49290 | Vaults:2 | Noticed Xtahua
 49306 | Vaults:2 | Found a transporter.
 50260 | Vaults:3 | Identified the +1 ring mail of the Last Invaders {Contam
                  | rPois rN++}
 50307 | Vaults:3 | Found Wyeph's General Store.
 50782 | Vaults:3 | Bought a scroll of fog for 68 gold pieces
 50886 | Vaults:3 | Found a staircase to the Crypt.
 50886 | Vaults:3 | Found a basalt altar of Yredelemnul.
 50887 | Vaults:3 | Found an ancient bone altar of Kikubaaqudgha.
 52308 | Vaults:4 | Reached XP level 21. HP: 114/114 MP: 44/47
 52705 | Vaults:4 | Killed Bai Suzhen
 52915 | Vaults:4 | Found a gateway to a bazaar.
 52926 | Bazaar   | Entered a bazaar
 52935 | Bazaar   | Found Qofao's Book Shop.
 52935 | Bazaar   | Found Yfesiob's Jewellery Boutique.
 52963 | Bazaar   | Bought the ring of Ujiboc {Wiz rN+ Will+ Str+5 Stlth+} for
                  | 601 gold pieces
 53239 | Vaults:5 | Entered Level 5 of the Vaults
 53271 | Vaults:5 | Reached skill level 27 in Stealth
 53592 | Vaults:5 | Identified the +6 bardiche "Vaphuc" {flame, Dex+5}
 53594 | Vaults:5 | Noticed an ancient lich
 53604 | Vaults:5 | Killed an ancient lich
 53608 | Vaults:5 | Noticed a golden dragon
 53613 | Vaults:5 | Killed a golden dragon
 53628 | Vaults:5 | Killed a golden dragon
 53727 | Vaults:5 | Reached XP level 22. HP: 112/121 MP: 44/49
 53845 | Vaults:5 | Identified the +8 arbalest "Dragon's Tongue" {flame, rF++}
 53883 | Vaults:5 | Reached skill level 15 in Fighting
 54064 | Vaults:5 | Identified the ring "Xoasyt" {rElec Str+6 Stlth+}
 54414 | Vaults:5 | Identified the +8 mace of Obsession {holy, rElec Will+
                  | Int-2}
 54739 | Vaults:5 | Found the +3 greatsling "Punk" {acid, rCorr}
 54763 | Vaults:5 | Got Sif Muna's Octavo of Lethal Frostbite
 54897 | Vaults:5 | Got a silver rune of Zot
 56116 | Depths:1 | Entered Level 1 of the Depths
 56317 | Depths:1 | Found a gateway to Hell.
 56502 | Depths:1 | Found an iron altar of Okawaru.
 56550 | Depths:1 | Found a runed translucent gate.
 56550 | Depths:1 | Found a runed translucent gate.
 56550 | Depths:1 | Found a runed translucent gate.
 56556 | Depths:1 | Noticed Rojuekoth's ghost (journeyman DsGl)
 56748 | Depths:1 | Found a white marble altar of Elyvilon.
 57636 | Depths:2 | Found a one-way gate leading to the halls of Pandemonium.
 57683 | Depths:2 | Noticed Vv
 57856 | Depths:2 | Killed Vv
 58650 | Depths:3 | Found Piulioqyt's Assorted Antiques.
 58679 | Depths:3 | Found Qunecoc's Book Emporium.
 58725 | Depths:3 | Found a one-way gate to the infinite horrors of the Abyss.
 58738 | Depths:3 | Found Soisej Lyets's Distillery.
 58753 | Depths:3 | Found a flickering gateway to a bazaar.
 58773 | Bazaar   | Entered a bazaar
 58773 | Bazaar   | Found Petuu's General Store.
 58773 | Bazaar   | Found Sunto's Antique Armour Shop.
 58776 | Bazaar   | Found Xacaora's Antique Weapon Shop.
 58798 | Bazaar   | Bought 2 potions of resistance for 360 gold pieces
 58798 | Bazaar   | Bought a potion of cancellation for 144 gold pieces
 58848 | Depths:3 | Bought a potion of flight for 63 gold pieces
 58848 | Depths:3 | Bought a potion of curing for 63 gold pieces
 58848 | Depths:3 | Bought a potion of resistance for 210 gold pieces
 58848 | Depths:3 | Bought a potion of curing for 63 gold pieces
 58848 | Depths:3 | Bought a potion of curing for 63 gold pieces
 58866 | Depths:3 | Found a one-way gateway to a ziggurat.
 59284 | Depths:3 | Reached XP level 23. HP: 128/128 MP: 45/51
 60083 | Depths:4 | Entered Level 4 of the Depths
 60103 | Depths:4 | Noticed a caustic shrike
 60103 | Depths:4 | Noticed a caustic shrike
 60103 | Depths:4 | Noticed a caustic shrike
 60104 | Depths:4 | Noticed a caustic shrike
 60126 | Depths:4 | Noticed a caustic shrike
 60128 | Depths:4 | Noticed a caustic shrike
 60128 | Depths:4 | Noticed a caustic shrike
 60130 | Depths:4 | Killed a caustic shrike
 60131 | Depths:4 | Killed a caustic shrike
 60133 | Depths:4 | Killed a caustic shrike
 60135 | Depths:4 | Killed a caustic shrike
 60139 | Depths:4 | Killed a caustic shrike
 60147 | Depths:4 | Killed a caustic shrike
 60159 | Depths:4 | Killed a caustic shrike
 60163 | Depths:4 | Killed a caustic shrike
 60167 | Depths:4 | Killed a caustic shrike
 60219 | Depths:4 | Found a shimmering blue altar of Sif Muna.
 60260 | Depths:4 | Found a magical portal.
 60274 | WizLab   | Entered Iskenderun's Mystic Tower
 62239 | WizLab   | Got Iskenderun's Atlas of Bolts
 62239 | WizLab   | Got Iskenderun's Monograph on Battling
 62261 | WizLab   | Got the Parchment of Pyromania and Frostbite
 63264 | Depths:4 | Found a gate to the Realm of Zot.
 63357 | Depths:4 | Reached XP level 24. HP: 119/136 MP: 51/53
 63358 | Depths:4 | Found the +3 giant club "Skullcrusher" {speed, Str+7}
 64324 | Zig:1    | Entered Level 1 of a ziggurat
 64335 | Zig:2    | Entered Level 2 of a ziggurat
 64434 | Zig:3    | Entered Level 3 of a ziggurat
 64455 | Zig:3    | Identified the amulet of the Cuttlefish {Faith rC+}
 64464 | Zig:4    | Entered Level 4 of a ziggurat
 64498 | Zig:4    | Identified the +4 chain mail of Cooty {Harm rElec}
 64514 | Zig:5    | Entered Level 5 of a ziggurat
 64519 | Zig:5    | Noticed Ygygy the pandemonium lord
 64521 | Zig:5    | Killed Ygygy the pandemonium lord
 64678 | Zig:6    | Entered Level 6 of a ziggurat
 64691 | Zig:6    | Reached skill level 27 in Hexes
 64850 | Zig:7    | Entered Level 7 of a ziggurat
 65074 | Zig:7    | Identified the +6 hand axe of the Everdark {freeze, rElec
                  | rC+ Stlth+}
 65083 | Zig:8    | Entered Level 8 of a ziggurat
 65183 | Zig:8    | Learned a level 4 spell: Dispel Undead
 65195 | Zig:9    | Entered Level 9 of a ziggurat
 65218 | Zig:9    | Reached skill level 1 in Necromancy
 65241 | Zig:10   | Entered Level 10 of a ziggurat
 65419 | Zig:11   | Entered Level 11 of a ziggurat
 65427 | Zig:11   | Noticed a royal mummy
 65432 | Zig:11   | Noticed a royal mummy
 65432 | Zig:11   | Noticed a royal mummy
 65450 | Zig:11   | Killed a royal mummy
 65467 | Zig:11   | Killed a royal mummy
 65531 | Zig:11   | Killed a royal mummy
 65785 | Zig:11   | Identified the ring "Vemeon" {rC+ Str+2 Slay+5}
 65787 | Zig:11   | Identified the +3 chain mail "Zampa" {SInv}
 65790 | Zig:11   | Identified the +9 trident "Setylov" {spect, rPois MP+9
                  | Str+6 SInv}
 65791 | Zig:11   | Identified the +11 quarterstaff "Feqegime" {antimagic, Fly
                  | rElec rPois Will+}
 65804 | Zig:12   | Entered Level 12 of a ziggurat
 65817 | Zig:12   | Noticed a royal mummy
 65818 | Zig:12   | Noticed a royal mummy
 65818 | Zig:12   | Found the +5 sword of Power {vorpal}
 65819 | Zig:12   | Noticed a royal mummy
 65843 | Zig:12   | Killed a royal mummy
 65887 | Zig:12   | Killed a royal mummy
 65916 | Zig:12   | Killed a royal mummy
 66006 | Zig:12   | Identified the ring of Xyfames {Dex+2 SInv}
 66020 | Zig:13   | Entered Level 13 of a ziggurat
 66031 | Zig:13   | Found the +4 Cigotuvi's embrace {rMiasma Drain rN+}
 66033 | Zig:13   | Noticed a royal mummy
 66066 | Zig:13   | Killed a royal mummy
 66144 | Zig:14   | Entered Level 14 of a ziggurat
 66152 | Zig:14   | Noticed a Killer Klown
 66152 | Zig:14   | Noticed a Killer Klown
 66153 | Zig:14   | Noticed Ixkomaon the pandemonium lord
 66153 | Zig:14   | Noticed Leuf the pandemonium lord
 66153 | Zig:14   | Noticed a Killer Klown
 66154 | Zig:14   | Noticed Roimacw the pandemonium lord
 66154 | Zig:14   | Found the +1 cloak of Starlight {*Dazzle EV+4 Stlth--}
 66155 | Zig:14   | Noticed a Killer Klown
 66155 | Zig:14   | Noticed Kecry the pandemonium lord
 66159 | Zig:14   | Reached skill level 27 in Spellcasting
 66159 | Zig:14   | Killed a Killer Klown
 66160 | Zig:14   | Killed a Killer Klown
 66166 | Zig:14   | Killed Ixkomaon the pandemonium lord
 66168 | Zig:14   | Killed Roimacw the pandemonium lord
 66169 | Zig:14   | Killed a Killer Klown
 66169 | Zig:14   | Killed a Killer Klown
 66170 | Zig:14   | Reached XP level 25. HP: 132/144 MP: 54/55
 66174 | Zig:14   | Killed Leuf the pandemonium lord
 66211 | Zig:14   | Killed Kecry the pandemonium lord
 66469 | Zig:14   | Identified the amulet "Ceutahee" {Acrobat rN+ Str-4 Slay+4}
 66496 | Zig:14   | Reached XP level 26. HP: 150/150 MP: 55/55
 66502 | Zig:14   | Got the Incunabulum of Spelunking and the Undead
 66513 | Zig:15   | Entered Level 15 of a ziggurat
 66917 | Crypt:1  | Entered Level 1 of the Crypt
 67142 | Crypt:1  | Noticed Margery
 67205 | Crypt:1  | Killed Margery
 69364 | Crypt:3  | Entered Level 3 of the Crypt
 69479 | Crypt:3  | Found a staircase to the Tomb.
 70402 | Crypt:3  | Found an ancient bone altar of Kikubaaqudgha.
 70900 | Crypt:3  | Got Ereshkigal's Discursus on Left-Handed Magic
 71336 | Crypt:3  | Identified the ring of Bino {rN+ rCorr Dex+6 SInv}
 71371 | Crypt:3  | Found the +8 longbow "Zephyr" {speed, Dex+3 SInv}
 71406 | Crypt:3  | Identified the amulet "Qukkuero" {rN++ Will- Regen+}
 71406 | Crypt:3  | Identified the ring of Balance {rN+ Dex+4}
 71998 | Zot:1    | Entered Level 1 of the Realm of Zot
 72367 | Zot:1    | Identified the +7 plate armour of Tiuhemab {-Cast Regen+
                  | Dex+4}
 72405 | Zot:1    | Reached XP level 27. HP: 163/163 MP: 55/55
 72810 | Zot:2    | HP: 4/163 [red draconian scorcher/damnation[a white
                  | draconian stormcaller] (37)]
 73729 | Zot:3    | HP: 3/164 [death cob (23)]
 73729 | Zot:3    | Annihilated by a death cob

Illustrated notes

Levels and vault maps discovered:
D:1:      saegor_arrival_simple_e, layout_loops_corners
D:2:      layout_basic, chequers_ecumenical_altar_simple_redux, uniq_jessica,
          uniq_sigmund
D:3:      layout_rooms, serial_shops, nicolae_lakefront_shop
D:4:      layout_basic, serial_shops, nicolae_diamond_shop,
          chequers_serial_rivers_micro_b
D:5:      layout_loops_cross, lemuel_round_altar, minmay_temple_entry_grid,
          serial_shops, nicolae_shop_advertising_works
          [nicolae_subvault_shop_adworks], serial_bayou, serial_bayou_pond_e,
          serial_bayou_crossing, serial_bayou_pond_d, serial_bayou_pond_b,
          serial_bayou_pond_d, serial_bayou_pond_d, columned_hall_lemuel,
          minmay_between, uniq_edmund, uniq_pikel
D:6:      layout_cave_pools, nicolae_sif_muna_condensation,
          hangedman_glass_teeth, roderic_lattice_a
D:7:      layout_rooms, minitemple, zin_angel, enter_bailey_5,
          ebering_ghost_inner_flame, uniq_joseph
D:8:      layout_basic, uniq_prince_ribbit1, uniq_grum
D:9:      layout_long_grid, kennysheep_mini, mainiacjoe_overflow_two_lobes,
          special_room [special_room_orc], serial_co_window_serial,
          co_window_corner_a, co_window_paths_a, co_window_paths_b,
          co_window_of_opportunity_a, co_window_paths_b, co_window_broadway_b,
          co_window_cross_2, co_window_corner_ca, co_window_broadway_b,
          co_window_paths_c, co_window_paths_d, co_window_paths_e,
          glass_columns_a, glass_columns_b, glass_columns_b, glass_columns_b,
          minmay_misc_feat_iff
D:10:     layout_loops_ring, nicolae_ru_awakened_eye, nrook_campfire,
          hangedman_abyss_or_decor_slice
D:11:     layout_stronghold, erik_lair_orcish_takeover, serial_shops,
          kennysheep_little_box, uniq_maurice
D:12:     minmay_the_grid_net [minmay_the_grid_spikes,
          minmay_the_grid_spin_star, minmay_the_grid_stretched_grid,
          minmay_the_grid_doors, minmay_the_grid_armoury,
          minmay_the_grid_prize_four_corners_diamond_a], layout_stronghold,
          erik_orc_1, hellmonk_bongcloud_opening, grunt_decor_one_mirror,
          uniq_snorg, uniq_lodul
D:13:     layout_long_grid, david_vaults_2, nicolae_trove_entry_free_sample,
          uniq_jorgrun
D:14:     lemuel_vampire_tower, layout_long_grid, gauntlet_entry_generic,
          wad_floor_pattern_untrapped, minmay_microvault
D:15:     grunt_enter_depths_hoard, layout_loops_cross, minmay_three_doors
Temple:   hellmonk_temple_of_storms
Lair:1:   layout_gridlike, infiniplex_staircase_pool, grunt_megastairs_2
Lair:2:   hangedman_what_comes_after_a, layout_regular_city,
          spider_nest_entry_webs, nicolae_volcano_entry_two_sided,
          grunt_forest_small_clearing_treed, serial_bayou_shore_a,
          serial_bayou_shore_b
Lair:3:   layout_roguey, elwin_shoals_entry_rooms, serial_rivers,
          chequers_serial_rivers_small_a, chequers_serial_rivers_small_b,
          chequers_serial_rivers_small_b, chequers_serial_rivers_small_a,
          roderic_carrion_pond, lemuel_fruit_tree, grunt_megastairs_4
Lair:4:   gammafunk_mikee_crab_dinner, layout_gridlike,
          portal_ice_cave_entry_animals_and_master, grunt_megastairs_5,
          infiniplex_staircase_pool_2
Lair:5:   due_jungle_book, layout_regular_city, slime_entry_1, uniq_sonja
Shoals:1: layout_shoals, nicolae_shoals_water_elemental_grotto
Shoals:2: layout_shoals, uniq_ilsuiw
Shoals:3: layout_shoals, nicolae_shoals_stone_sculpture_thing,
          nicolae_shoals_beach_cooler
Shoals:4: shoals_end_simple, layout_shoals
Spider:1: layout_chambers, hangedman_spider_tarantella_strand
Spider:2: layout_spider_delve, uniq_azrael
Spider:3: layout_spider_delve
Spider:4: johnstein_spider_rune_arachne_lair
Orc:1:    layout_diamond_mine, serial_shops
Orc:2:    st_orc_pillars, layout_caves, basic_altar
Elf:1:    eino_elf_arrival_customs, layout_loops_ring,
          minmay_elf_crystal_heptagon
Elf:2:    nicolae_elf_blades_crystal_corner, layout_gridlike, minmay_shop_grove
Elf:3:    grunt_elf_hall_diamonds, layout_rooms, serial_shops,
          nicolae_shop_window_shopping
Vaults:1: v_rooms_6, vaults_dpeg_cross, ontoclasm_vaults_eye,
          special_room_vaults [special_room_orc], v_misc_2, v_misc_27,
          nicolae_vaults_mini_display_case, v_misc_19, layout_vaults_quadrants
Vaults:2: v_misc_31, nicolae_vaults_yaktaur_gun_rack, gammafunk_sealed_arena,
          vaults_standard_mumra_x, hangedman_vaults_pinch, v_alt_pattern_3,
          v_misc_28, vaults_mumra_chevron, dpeg_vaults_monster_box, v_misc_25,
          nicolae_vaults_diagonal_hallway_8, v_misc_22,
          ontoclasm_vaults_ring_square, v_misc_17, layout_vaults_ring,
          uniq_xtahua
Vaults:3: minmay_crypt_entry_necro_gods, v_alt_pattern_5, v_misc_12,
          v_alt_pattern_4, v_misc_13, hangedman_vaults_stagger,
          ontoclasm_vaults_misaligned, nicolae_vaults_what_the_h,
          vaults_dpeg_doors, layout_vaults_chaotic_city, serial_shops, shop
Vaults:4: hangedman_vaults_trim, v_misc_30, grunt_vaults_diagonal, v_misc_18,
          vaults_dpeg_hooks, vaults_room_glass_cross, nicolae_vaults_arrows,
          v_pattern_3, hangedman_vaults_nails, layout_vaults_omnibox,
          serial_shops, bzr_entry_dummy, uniq_bai_suzhen
Vaults:5
Crypt:1:  layout_misc_corridors, uniq_margery
Crypt:2:  layout_gridlike, minmay_misc_feat_hallway
Crypt:3:  church_of_pain_bobbens, layout_chaotic_city
Depths:1: layout_gridville, hangedman_coc_ice_floe, ebering_ghost_rock_garden,
          elyvilon_altar_5, okawaru_trees_2, serial_bayou_shore_b
Depths:2: dreamdust_tengu_aerie, layout_gridlike, reono_crystal_passage,
          hell_entry, rand_demon_pan_entry_5, minmay_staircase_bubble, uniq_vv
Depths:3: hangedman_screamer, layout_basic, enter_ziggurat_a, pan_entry,
          hell_entry, serial_shops, bzr_entry_safe, nicolae_diamond_shop,
          nicolae_shop_trees, nicolae_shop_waterfront, abyss_entry, special_room
          [special_room_mythical_zoo], kennysheep_random_hallway,
          minmay_staircase_statues
Depths:4: lemuel_castle_with_subvaults [lemuel_castle_interior_carwin_1],
          layout_cave_pools, infiniplex_enter_wizlab_glasses,
          lemuel_round_altar, hellmouth_1
Zot:1:    layout_basic
Zot:2:    layout_onion_interference
Zot:3:    layout_onion_interference, grunt_megastairs_3

Skill      XL: |  1  2  3  4  5  6  7  8  9 10 11 12 13 14 15 16 17 18 19 20 21 22 23 24 25 26 27 |
---------------+----------------------------------------------------------------------------------+-----
Spellcasting   | 3 4 5 7 9 10 11 12 13 14 15 16 17 18 20 21 22 23 25 27 | 27.0
Hexes          | 4 6 7 8 9 10 11 12 13 14 16 17 19 20 21 22 24 25 26 27 | 27.0
Stealth        | 7 8 10 12 13 14 16 17 18 19 20 22 23 24 26 27 | 27.0
Dodging        | 3 5 7 9 11 12 13 14 16 17 18 19 | 19.1
Fighting       | 3 4 5 6 7 8 9 10 11 12 13 14 16 17 19 22 23 | 23.3
Short Blades   | 4 6 7 9 10 11 12 | 12.0
Necromancy     | 3 |  3.0

Action                   |  1- 3 |  4- 6 |  7- 9 | 10-12 | 13-15 | 16-18 | 19-21 | 22-24 | 25-27 || total
-------------------------+-------+-------+-------+-------+-------+-------+-------+-------+-------++-------
Melee: Dagger            |    99 |   168 |   170 |   328 |  1152 |   421 |       |       |       ||  2338
       Punch             |     1 |     1 |     3 |     2 |    20 |    13 |     3 |       |       ||    43
       Headbutt          |       |       |     5 |    57 |   318 |   215 |   182 |   241 |   174 ||  1192
       Quick blade       |       |       |       |       |       |   449 |   623 |   660 |   458 ||  2190
Throw: Dart              |       |       |     3 |     3 |     5 |       |       |       |       ||    11
 Cast: Ensorcelled Hiber |     4 |    35 |    25 |   104 |   128 |   102 |    64 |    52 |    12 ||   526
       Tukima's Dance    |       |     3 |    20 |    31 |    26 |    18 |     4 |    13 |     5 ||   120
       Confusing Touch   |       |     2 |    10 |    12 |    67 |    17 |    14 |    61 |    46 ||   229
       Dazzling Flash    |       |     1 |     4 |     2 |    55 |    55 |    20 |    19 |     5 ||   161
       Summon Mana Viper |       |       |       |       |     2 |    23 |     8 |    10 |     2 ||    45
       Enfeeble          |       |       |       |       |     2 |       |     3 |     1 |       ||     6
       Discord           |       |       |       |       |     3 |    58 |    67 |    54 |    36 ||   218
       Dispel Undead     |       |       |       |       |       |       |       |     7 |    24 ||    31
Invok: Shadow Step       |       |       |       |     1 |     8 |     6 |     5 |     8 |     3 ||    31
 Abil: Evoke Blink       |       |       |       |       |       |       |       |     1 |     1 ||     2
Evoke: Wand              |       |       |     1 |    17 |     4 |    25 |       |     1 |     3 ||    51
       Lightning rod     |       |       |       |     4 |     5 |     4 |       |       |       ||    13
       Condenser vane    |       |       |       |       |     1 |     1 |       |     1 |     1 ||     4
       Box of beasts     |       |       |       |       |       |       |       |     2 |       ||     2
       Phantom mirror    |       |       |       |       |       |       |       |     1 |     1 ||     2
       Tin of tremorston |       |       |       |       |       |       |       |     2 |       ||     2
  Use: Scroll            |     9 |     8 |    10 |     4 |     9 |    15 |     7 |    24 |    11 ||    97
       Potion            |       |     1 |     3 |     1 |     6 |    11 |     6 |    31 |     9 ||    68
 Stab: Sleeping          |    11 |    25 |    27 |    99 |   180 |   207 |   154 |   123 |    93 ||   919
       Confused          |       |     2 |     9 |    12 |    58 |    13 |    16 |    72 |    46 ||   228
       Distracted        |       |     1 |       |       |     8 |    16 |    21 |    18 |     8 ||    72
       Invisible         |       |       |     2 |     3 |    67 |    25 |    15 |     8 |     3 ||   123
       Petrified         |       |       |       |       |     2 |       |       |       |       ||     2
Armor: Robe              |    15 |    18 |    17 |    29 |    34 |       |       |       |       ||   113
       Steam dragon scal |       |       |       |       |    74 |    83 |    42 |    31 |    36 ||   266
Dodge: Dodged            |    64 |   131 |   130 |   271 |  1251 |   921 |   614 |   416 |   430 ||  4228

Table legend: (Time is in decaauts)
 A = Elapsed time spent in this place.
 B = Non-inter-level travel time spent in this place.
 C = Inter-level travel time spent in this place.
 D = Time resting spent in this place.
 E = Time spent auto-exploring this place.
 F = Levels seen in this place.
 G = Mean time per level.
                   A        B        C        D        E       F      G
               +--------+--------+--------+--------+--------+-----+--------+
         Total |  54118 |  50623 |   3495 |  10647 |  26447 |  71 |  762.2 |
       Dungeon |  13646 |  12298 |   1348 |   1129 |   7941 |  15 |  909.7 |
        Temple |     25 |     20 |      5 |      0 |     14 |   1 |   25.0 |
          Lair |   4705 |   4190 |    515 |    399 |   2417 |   5 |  941.0 |
        Shoals |   4516 |   4383 |    133 |   1132 |   1998 |   4 | 1129.0 |
   Spider Nest |   4840 |   4557 |    283 |   1371 |   2303 |   4 | 1210.0 |
  Orcish Mines |   1165 |   1095 |     70 |    193 |    609 |   2 |  582.5 |
   Elven Halls |   3375 |   3172 |    203 |    820 |   1506 |   3 | 1125.0 |
        Vaults |   6826 |   6372 |    454 |   1210 |   3756 |   5 | 1365.2 |
         Crypt |   3450 |   3327 |    123 |    448 |   1933 |   3 | 1150.0 |
        Depths |   4425 |   4139 |    286 |    711 |   2227 |   4 | 1106.2 |
           Zot |   1304 |   1233 |     71 |    430 |    476 |   3 |  434.7 |
      Ziggurat |   1871 |   1871 |      0 |   1265 |     61 |  15 |  124.7 |
        Bazaar |     69 |     69 |      0 |      0 |      8 |   2 |   34.5 |
        Bailey |    301 |    301 |      0 |    100 |     61 |   1 |  301.0 |
      Ice Cave |   1042 |   1042 |      0 |    205 |    480 |   1 | 1042.0 |
       Volcano |    257 |    257 |      0 |     92 |     10 |   1 |  257.0 |
        Wizlab |   1749 |   1749 |      0 |    934 |    516 |   1 | 1749.0 |
      Gauntlet |    541 |    541 |      0 |    205 |    125 |   1 |  541.0 |
               +--------+--------+--------+--------+--------+-----+--------+

Top non-repeatable levels by time:
    D:14: 1842 daAuts
Vaults:5: 1800 daAuts
  WizLab: 1749 daAuts
    D:12: 1586 daAuts
 Crypt:3: 1581 daAuts
Spider:1: 1481 daAuts
Spider:4: 1461 daAuts
Depths:4: 1411 daAuts
Vaults:1: 1406 daAuts
   Elf:3: 1367 daAuts
Shoals:4: 1351 daAuts
Vaults:3: 1332 daAuts
Vaults:2: 1268 daAuts
Shoals:3: 1193 daAuts
Shoals:2: 1188 daAuts
